 Dungeon Crawl Stone Soup version 0.29-a0-214-g17f627cfee (webtiles) character file.

Game seed: 16553228289496199716

274 siradein the Purveyor of Pain (level 6, -7/50 HPs)
             Began as a Ghoul Necromancer on Feb 24, 2022.
             Was an Initiate of Kikubaaqudgha.
             Mangled by Prince Ribbit (16 damage)
             ... on level 5 of the Dungeon.
             The game lasted 00:24:13 (5435 turns).

siradein the Purveyor of Pain (Ghoul Necromancer)   Turns: 5435, Time: 00:24:14

Health: -7/50      AC:  4    Str: 18    XL:     6   Next: 24%
Magic:  6/9        EV: 12    Int: 12    God:    Kikubaaqudgha [......]
Gold:   225        SH:  0    Dex:  9    Spells: 7/11 levels left

rFire   . . .      SeeInvis .   t - +4 rapier
rCold   + . .      Faith    .   k - orb {mayhem}
rNeg    + + +      Spirit   .   c - +0 leather armour
rPois   ∞          Reflect  .   (no helmet)
rElec   .          Harm     .   (no cloak)
rCorr   .          Rampage  .   (no gloves)
Will    .....                   e - +0 pair of boots
Stlth   +.........              (no amulet)
HPRegen 0.00/turn               i - +6 ring of strength
MPRegen 0.11/turn               (no ring)

@: inhibited regen
A: claws 1, cold resistance 1, negative energy resistance 3, inhibited
regeneration, torment resistance 2
a: Renounce Religion


You were on level 5 of the Dungeon.
You worshipped Kikubaaqudgha.
Kikubaaqudgha was noncommittal.
You visited 1 branch of the dungeon, and saw 5 of its levels.

You collected 225 gold pieces.

Inventory:

Hand Weapons
 t - a +4 rapier (weapon)
Missiles
 l - a throwing net
 s - 6 poisoned darts
 w - 31 stones
Armour
 c - a +0 leather armour (worn)
 e - a +0 pair of boots (worn)
 k - an orb of mayhem (worn)
Jewellery
 i - a +6 ring of strength (left claw)
Wands
 q - a wand of paralysis (11)
Scrolls
 a - a scroll of silence {unknown}
 b - 4 scrolls of noise {unknown}
 g - 2 scrolls of teleportation {unknown}
 h - a scroll of magic mapping {unknown}
 j - 2 scrolls of enchant weapon {unknown}
 m - 3 scrolls of immolation {unknown}
 o - a scroll of fog {unknown}
 p - a scroll of blinking {unknown}
 r - a scroll of amnesia {unknown}
 u - a scroll of torment {unknown}
Potions
 d - a potion of flight {unknown}
 f - a potion of ambrosia {unknown}
 n - a potion of heal wounds
 v - a potion of curing {unknown}


   Skills:
 + Level 2.9 Fighting
 + Level 3.2 Dodging
 - Level 2.1 Stealth
 + Level 3.0 Spellcasting
 + Level 5.0 Necromancy


You had 7 spell levels left.
You knew the following spells:

 Your Spells              Type           Power      Damage    Failure   Level
a - Pain                  Necr           56%        1d6       3%          1
b - Vampiric Draining     Necr           14%        2d7       11%         3

Your spell library contained the following spells:

 Spells                   Type           Power      Damage    Failure   Level
 Animate Skeleton         Necr           28%        N/A       3%          1
 Animate Dead             Necr           7%         N/A       34%         4
 Agony                    Necr           14%        N/A       69%         5


Dungeon Overview and Level Annotations

Branches:
Dungeon (5/15)
 Temple: D:4-7

Altars:
Cheibriados
Gozag
Kikubaaqudgha
Nemelex Xobeh
Okawaru
Sif Muna
Vehumet
The Shining One

Annotations:
D:4 1 runed translucent door, fabreeze's ghost, amateur OpSu
D:5 Prince Ribbit


Innate Abilities, Weirdness & Mutations

You thrive by killing the living.
You are immune to poison.
You have sharp fingernails.
Your flesh is cold resistant. (rC+)
You are immune to negative energy. (rN+++)
You do not regenerate when monsters are visible.
You are immune to unholy pain and torment.


Message History

You miss something.
You feel less confused. Something hits you.
Casting: Pain (safe; 3% risk of failure)
Confirm with . or Enter, or press ? or * to list all spells.
You can't see any susceptible monsters within range! (Use Z to cast anyway.)
Casting: Pain (safe; 3% risk of failure)
Confirm with . or Enter, or press ? or * to list all spells.
Aiming: Pain (safe; 3% risk of failure)
Press: ? - help, Shift-Dir - straight line Nothing appears to happen.
Something hits you but does no damage.
Unknown command.
Unknown command.
Casting: Pain (safe; 3% risk of failure)
Confirm with . or Enter, or press ? or * to list all spells.
Aiming: Pain (safe; 3% risk of failure)
Press: ? - help, Shift-Dir - straight line Something writhes in agony.
The orc shouts!
An orc wizard comes into view. It is wielding a +0 dagger.
Unknown command.
You barely miss something.
Prince Ribbit catches a centipede with his tongue.
Prince Ribbit blinks!
Something hits you.
You closely miss something.
You hear some strange, mumbled words.
Something tries to affect you, but you resist.
Something hits you.
The orc wizard hits you with a +0 dagger.
Something hits you.
An orc comes into view. It is wielding a +0 club.
The orc shouts!
You hear a shout!
Prince Ribbit hits you!
* * * LOW HITPOINT WARNING * * *
The orc wizard gestures at you while chanting.
You resist with some effort. The orc barely misses you.
There is a stone staircase leading up here.
Prince Ribbit hits you!
You die...
Kikubaaqudgha rasps: "You have failed me!
Welcome... oblivion!"

##..#..#####
#.....###...
#...........
#....o......
##........... ###
#............ #.##
#............
#..###............
##@o##.............
#.Fo.#.............
#.....o....#.......
#..........########
#..........#
#.........##.#
###....#### ..#
#)..### ..# ...###
.#


You could see Prince Ribbit, an orc wizard and 2 orcs.

Vanquished Creatures
  An ice beast (D:3)
  An orc priest (D:4)
  An iguana (D:4)
  3 adders (D:3)
  An adder skeleton (D:4)
  3 worms
  2 dart slugs
  5 orcs
  6 ball pythons
  4 bats
  6 endoplasms
  5 giant cockroaches
  7 goblins
  4 hobgoblins (D:1)
  6 jackals
  5 quokkas
  5 frilled lizards
  8 kobolds
  5 rats
78 creatures vanquished.

Vanquished Creatures (collateral kills)
  A jackal (D:4)
1 creature vanquished.

Vanquished Creatures (others)
  A kobold (D:4)
  2 fungi (D:1)
  6 plants (D:1)
9 creatures vanquished.

Grand Total: 88 creatures vanquished

Notes
Turn   | Place    | Note
-------+----------+-------------------------------------------
     0 | D:1      | siradein the Ghoul Necromancer began the quest for the Orb.
     0 | D:1      | Reached XP level 1. HP: 14/14 MP: 2/2
   199 | D:1      | Reached XP level 2. HP: 18/22 MP: 0/3
   481 | D:1      | Reached skill level 1 in Fighting
   794 | D:1      | Found a faded altar of an unknown god.
   812 | D:1      | Reached XP level 3. HP: 28/28 MP: 2/5
   937 | D:1      | Learned a level 3 spell: Vampiric Draining
  2276 | D:2      | Reached XP level 4. HP: 35/35 MP: 2/6
  2730 | D:3      | Found an ancient bone altar of Kikubaaqudgha.
  2731 | D:3      | Found a sparkling altar of Nemelex Xobeh.
  2732 | D:3      | Found a shimmering blue altar of Sif Muna.
  2732 | D:3      | Found a radiant altar of Vehumet.
  2732 | D:3      | Found a snail-covered altar of Cheibriados.
  2733 | D:3      | Found an iron altar of Okawaru.
  2736 | D:3      | Became a worshipper of Kikubaaqudgha
  2741 | D:3      | Found an opulent altar of Gozag.
  3411 | D:4      | Reached XP level 5. HP: 40/41 MP: 1/7
  3718 | D:4      | Found a runed translucent door.
  3718 | D:4      | Noticed fabreeze's ghost (amateur OpSu)
  4415 | D:3      | Noticed an ice beast
  4440 | D:3      | Killed an ice beast
  4441 | D:3      | Reached skill level 5 in Necromancy
  4441 | D:3      | Reached XP level 6. HP: 20/50 MP: 4/9
  5375 | D:5      | Entered Level 5 of the Dungeon
  5400 | D:5      | Noticed Prince Ribbit
  5435 | D:5      | Mangled by Prince Ribbit

Illustrated notes

Levels and vault maps discovered:
D:1:      erik_arrival_orb_chamber, layout_rooms,
          shapermc_ecumenical_altar_mp_ritualfount, kennysheep_flooded_box,
          minmay_box_of_dots
D:2:      layout_basic
D:3:      layout_basic, minitemple, kennysheep_generic_room_15
D:4:      layout_loops_ring, gammafunk_ghost_grave
D:5:      layout_cave_pods, minmay_temple_entry_enclosed_plants, serial_shops,
          nicolae_diamond_shop, cheibrodos_sewer_entry_bend,
          hellmonk_ghost_happy_afterlife, uniq_prince_ribbit1

Skill      XL: |  1  2  3  4  5  6 |
---------------+-------------------+-----
Dodging        | 2 3 |  3.2
Spellcasting   | 2 3 |  3.0
Fighting       | 1 2 |  2.9
Necromancy     | 5 |  5.0
Stealth        | |  2.1

Action                   |  1- 3 |  4- 6 || total
-------------------------+-------+-------++-------
Melee: Unarmed           |     6 |       ||     6
       Quarterstaff      |    65 |       ||    65
       Dagger            |    23 |    51 ||    74
       Rapier            |       |    30 ||    30
 Cast: Pain              |    76 |    89 ||   165
       Vampiric Draining |       |     1 ||     1
Armor: Leather armour    |    46 |    21 ||    67
Dodge: Dodged            |    52 |    57 ||   109

Table legend: (Time is in decaauts)
 A = Elapsed time spent in this place.
 B = Non-inter-level travel time spent in this place.
 C = Inter-level travel time spent in this place.
 D = Time resting spent in this place.
 E = Time spent auto-exploring this place.
 F = Levels seen in this place.
 G = Mean time per level.
                   A        B        C        D        E       F      G
               +--------+--------+--------+--------+--------+-----+--------+
         Total |   5461 |   5341 |    120 |    501 |   3981 |   5 | 1092.2 |
       Dungeon |   5461 |   5341 |    120 |    501 |   3981 |   5 | 1092.2 |
               +--------+--------+--------+--------+--------+-----+--------+

Top non-repeatable levels by time:
     D:1: 1569 daAuts
     D:3: 1566 daAuts
     D:4: 1170 daAuts
     D:2: 1094 daAuts
     D:5: 60 daAuts
